MID
KANE COUNTY COUGARS @ WEST VIRGINIA POWER
06/24/2044
 
TOP OF THE 1ST
Kane County Cougars batting - Pitching for West Virginia Power : LHP Hideharu Omoto
Pitching: LHP Hideharu Omoto
Batting: LHB Willie Gutierrez 0-0: Ball
1-0: Called Strike
1-1: Ball
2-1: Ball
3-1: Base on Balls
Batting: RHB Franklin Villanueva 0-0: Ball
1-0: Foul Ball, location: 2F
1-1: Fielders Choice at 2nd, 5-4 (Groundball, 56S, EV 90.0 MPH)
Batting: RHB Dave Vargas 0-0: Called Strike
0-1: Swinging Strike
0-2: Ball
1-2: Foul Ball, location: 2F
1-2: Ball
2-2: Ball
3-2: Foul Ball, location: 2F
3-2: Fly out, F3 (Popup, 3S, EV 70.6 MPH)
Batting: RHB Matt Maxwell 0-0: Called Strike
0-1: Swinging Strike
0-2: Ball
1-2: Strikes out swinging
Top of the 1st over - 0 runs, 0 hits, 0 errors, 1 left on base; Kane County 0 - West Virginia 0
BOTTOM OF THE 1ST
West Virginia Power batting - Pitching for Kane County Cougars : RHP Joey Keim
Pitching: RHP Joey Keim
Batting: LHB Micah Boshnjaku 0-0: Ball
1-0: Ball
2-0: Foul Ball, location: 2F
2-1: Foul Ball, location: 2F
2-2: Foul Ball, location: 2F
2-2: Foul Ball, location: 2F
2-2: DOUBLE (Flyball, 78XD, EV 93.8 MPH)
Batting: RHB Ron Corn 0-0: Ball
1-0: Foul Ball, location: 2F
1-1: Ball
2-1: Swinging Strike
2-2: Ball
3-2: Foul Ball, location: 2F
3-2: Foul Ball, location: 2F
3-2: Foul Ball, location: 2F
3-2: Foul Ball, location: 2F
3-2: Foul Ball, location: 2F
3-2: Strikes out swinging
Batting: SHB Francisco Gutierrez 0-0: Foul Ball, location: 2F
0-1: Ball
Micah Boshnjaku steals 3rd base
1-1: Ball
2-1: Called Strike
2-2: Ball
3-2: Strikes out swinging
Batting: RHB Tom Primmer 0-0: Swinging Strike
0-1: Foul Ball, location: 2F
0-2: Ball
1-2: Ball
2-2: Strikes out swinging
Bottom of the 1st over - 0 runs, 1 hit, 0 errors, 1 left on base; Kane County 0 - West Virginia 0
TOP OF THE 2ND
Kane County Cougars batting - Pitching for West Virginia Power : LHP Hideharu Omoto
Batting: RHB John Pena 0-0: Ground out 4-3 (Groundball, 4, EV 83.8 MPH)
Batting: RHB Marlon Reda 0-0: Fly out, F6 (Popup, 6MD, EV 71.9 MPH)
Batting: RHB Curt Barrett 0-0: Ball
1-0: Foul Ball, location: 2F
1-1: Ball
2-1: Fly out, F9 (Flyball, 9D, EV 95.6 MPH)
Top of the 2nd over - 0 runs, 0 hits, 0 errors, 0 left on base; Kane County 0 - West Virginia 0
BOTTOM OF THE 2ND
West Virginia Power batting - Pitching for Kane County Cougars : RHP Joey Keim
Batting: RHB Jordan Robinson 0-0: Ground out 6-3 (Groundball, 6S, EV 68.1 MPH)
Pitching: LHP Justin Martin
Batting: SHB Brad Day 0-0: Called Strike
0-1: Fly out, F7 (Line Drive, 7D, EV 91.9 MPH)
Batting: RHB Dennis Coppolino 0-0: Ball
1-0: Swinging Strike
1-1: Foul Ball, location: 2F
1-2: Strikes out swinging, 2-3 out at first.
Bottom of the 2nd over - 0 runs, 0 hits, 0 errors, 0 left on base; Kane County 0 - West Virginia 0
TOP OF THE 3RD
Kane County Cougars batting - Pitching for West Virginia Power : LHP Hideharu Omoto
Batting: LHB T.J. Duvall 0-0: Called Strike
0-1: Ground out 1-3 (Groundball, 13S, EV 64.4 MPH)
Batting: LHB Brian Nielsen 0-0: Swinging Strike
0-1: Called Strike
0-2: Strikes out swinging
Batting: LHB Willie Gutierrez 0-0: Ball
1-0: Called Strike
1-1: Swinging Strike
1-2: Strikes out swinging
Top of the 3rd over - 0 runs, 0 hits, 0 errors, 0 left on base; Kane County 0 - West Virginia 0
BOTTOM OF THE 3RD
West Virginia Power batting - Pitching for Kane County Cougars : LHP Justin Martin
Batting: RHB Ted Goldblatt 0-0: Ball
1-0: Ball
2-0: Ground out 6-3 (Groundball, 6, EV 88.1 MPH)
Batting: RHB Pleun Smit 0-0: Ball
1-0: Ball
2-0: Ball
3-0: Called Strike
3-1: Foul Ball, location: 2F
3-2: Base on Balls
Batting: LHB Micah Boshnjaku 0-0: Ball
1-0: Called Strike
1-1: Ball
2-1: Foul Ball, location: 2F
2-2: Strikes out swinging
Batting: RHB Ron Corn 0-0: Ball
Pleun Smit steals 2nd, throwing error, E2
Pleun Smit to third
1-0: Ball
2-0: Swinging Strike
2-1: Ball
3-1: Base on Balls
Batting: SHB Francisco Gutierrez 0-0: Ball
1-0: Ball
2-0: Ball
3-0: Base on Balls
Ron Corn to second
Batting: RHB Tom Primmer 0-0: Called Strike
0-1: Ball
1-1: Ball
2-1: Swinging Strike
2-2: Foul Ball, location: 2F
2-2: Fly out, F3 (Flyball, 3D, EV 92.5 MPH)
Bottom of the 3rd over - 0 runs, 0 hits, 1 error, 3 left on base; Kane County 0 - West Virginia 0
TOP OF THE 4TH
Kane County Cougars batting - Pitching for West Virginia Power : LHP Hideharu Omoto
Batting: RHB Franklin Villanueva 0-0: Ball
1-0: Called Strike
1-1: Fly out, F9 (Flyball, 9D, EV 98.1 MPH)
Batting: RHB Dave Vargas 0-0: Ball
1-0: Swinging Strike
1-1: Foul Ball, location: 2F
1-2: Ball
2-2: Ball
3-2: Foul Ball, location: 2F
3-2: DOUBLE (Line Drive, 9LS, EV 106.9 MPH)
Batting: RHB Matt Maxwell 0-0: Ball
1-0: Foul Ball, location: 2F
1-1: Foul Ball, location: 2F
1-2: Strikes out swinging
Batting: RHB John Pena 0-0: Swinging Strike
0-1: Called Strike
0-2: Foul Ball, location: 2F
0-2: Ball
1-2: Ball
2-2: Strikes out swinging
Top of the 4th over - 0 runs, 1 hit, 0 errors, 1 left on base; Kane County 0 - West Virginia 0
BOTTOM OF THE 4TH
West Virginia Power batting - Pitching for Kane County Cougars : LHP Justin Martin
Batting: RHB Jordan Robinson 0-0: DOUBLE (Line Drive, 89D, EV 108.1 MPH)
Batting: SHB Brad Day 0-0: Ball
1-0: Called Strike
1-1: Ball
2-1: Foul Ball, location: 2F
2-2: Foul Ball, location: 2F
2-2: Reached on error, E4 (Groundball, 4, EV 89.4 MPH)
Jordan Robinson to third
Batting: RHB Dennis Coppolino 0-0: Ball
Brad Day steals 2nd base
1-0: Ball
2-0: Ball
3-0: Called Strike
3-1: Base on Balls
Batting: RHB Ted Goldblatt 0-0: Ball
1-0: Swinging Strike
1-1: Ball
2-1: Foul Ball, location: 2F
2-2: Grounds into double play, 5-4-3 (Groundball, 56, EV 89.4 MPH)
Jordan Robinson scores
Brad Day to third
Batting: RHB Pleun Smit 0-0: Ball
1-0: Ball
2-0: Foul Ball, location: 2F
2-1: Foul Ball, location: 2F
2-2: Ball
3-2: Ground out 6-3 (Groundball, 6, EV 100.0 MPH)
Bottom of the 4th over - 1 run, 1 hit, 1 error, 1 left on base; Kane County 0 - West Virginia 1
TOP OF THE 5TH
Kane County Cougars batting - Pitching for West Virginia Power : LHP Hideharu Omoto
Batting: RHB Marlon Reda 0-0: Ball
1-0: Ball
2-0: Ball
3-0: Base on Balls
Batting: RHB Curt Barrett 0-0: Called Strike
0-1: Foul Ball, location: 2F
0-2: Ball
1-2: Strikes out swinging
Batting: LHB T.J. Duvall 0-0: Called Strike
0-1: Foul Ball, location: 2F
0-2: Strikes out looking
Batting: LHB Brian Nielsen 0-0: Foul Ball, location: 2F
0-1: Foul Ball, location: 2F
0-2: Strikes out swinging
Top of the 5th over - 0 runs, 0 hits, 0 errors, 1 left on base; Kane County 0 - West Virginia 1
BOTTOM OF THE 5TH
West Virginia Power batting - Pitching for Kane County Cougars : LHP Justin Martin
Batting: LHB Micah Boshnjaku 0-0: Called Strike
0-1: Foul Ball, location: 2F
0-2: Strikes out swinging
Batting: RHB Ron Corn 0-0: Ball
1-0: Ball
2-0: Ball
3-0: Called Strike
3-1: Base on Balls
Pitching: RHP Andy Jensen
Batting: SHB Francisco Gutierrez 0-0: Called Strike
0-1: Foul Ball, location: 2F
0-2: Ball
1-2: Ball
2-2: Fly out, F7 (Flyball, 7S, EV 90.0 MPH)
Batting: RHB Tom Primmer 0-0: Ball
1-0: Ball
Ron Corn steals 2nd base
2-0: Swinging Strike
2-1: Called Strike
2-2: Fly out, F8 (Flyball, 89M, EV 92.5 MPH)
Bottom of the 5th over - 0 runs, 0 hits, 0 errors, 1 left on base; Kane County 0 - West Virginia 1
TOP OF THE 6TH
Kane County Cougars batting - Pitching for West Virginia Power : LHP Hideharu Omoto
Batting: LHB Willie Gutierrez 0-0: Fly out, F8 (Line Drive, 8RD, EV 86.3 MPH)
Pitching: RHP Joel Olausson
Batting: RHB Franklin Villanueva 0-0: Foul Ball, location: 2F
0-1: Swinging Strike
0-2: SINGLE (Line Drive, 9LM, EV 104.4 MPH)
Batting: RHB Dave Vargas 0-0: Ball
1-0: Ball
2-0: Ball
3-0: Base on Balls
Franklin Villanueva to second
Batting: RHB Matt Maxwell 0-0: Ball
1-0: Called Strike
1-1: Ball
2-1: Ball
Franklin Villanueva steals 3rd, throwing error, E2
Franklin Villanueva scores
Dave Vargas to third
3-1: Base on Balls
Batting: RHB John Pena 0-0: Ball
1-0: Called Strike
1-1: Fly out, F9 (Flyball, 89M, EV 84.4 MPH)
Runner from 3rd tags up, SCORES, no throw by RF
Batting: RHB Marlon Reda 0-0: SINGLE (Groundball, 56D, EV 106.3 MPH)
Matt Maxwell to second
Batting: RHB Curt Barrett 0-0: Called Strike
0-1: Swinging Strike
0-2: TRIPLE (Line Drive, 78XD, EV 109.4 MPH)
Matt Maxwell scores
Marlon Reda scores
Pitching: RHP Bobby Detmer
Batting: LHB T.J. Duvall 0-0: Called Strike
0-1: Called Strike
0-2: Foul Ball, location: 2F
0-2: Foul Ball, location: 2F
0-2: Foul Ball, location: 2F
0-2: Strikes out swinging
Top of the 6th over - 4 runs, 3 hits, 1 error, 1 left on base; Kane County 4 - West Virginia 1
BOTTOM OF THE 6TH
West Virginia Power batting - Pitching for Kane County Cougars : RHP Andy Jensen
Batting: RHB Jordan Robinson 0-0: Called Strike
0-1: Ground out 6-3 (Groundball, 56, EV 81.9 MPH)
Batting: SHB Brad Day 0-0: Fly out, F4 (Flyball, 34D, EV 80.0 MPH)
Batting: RHB Dennis Coppolino 0-0: Called Strike
0-1: Ball
1-1: Fly out, F7 (Flyball, 7D, EV 101.9 MPH)
Bottom of the 6th over - 0 runs, 0 hits, 0 errors, 0 left on base; Kane County 4 - West Virginia 1
TOP OF THE 7TH
Kane County Cougars batting - Pitching for West Virginia Power : RHP Bobby Detmer
Batting: LHB Brian Nielsen 0-0: Ball
1-0: Ball
2-0: Called Strike
2-1: Foul Ball, location: 2F
2-2: Foul Ball, location: 2F
2-2: Strikes out swinging
Batting: LHB Willie Gutierrez 0-0: Ball
1-0: Ball
2-0: Ball
3-0: Base on Balls
Batting: RHB Franklin Villanueva 0-0: Ball
1-0: Ball
2-0: Foul Ball, location: 2F
2-1: Called Strike
Willie Gutierrez steals 2nd, throwing error, E2
Willie Gutierrez to third
2-2: Strikes out swinging
Batting: RHB Dave Vargas 0-0: 2-RUN HOME RUN (Flyball, 8LXD, EV 106.3 MPH), Distance : 415 ft
Batting: RHB Matt Maxwell 0-0: Ball
1-0: Ball
2-0: Called Strike
2-1: Called Strike
2-2: Strikes out swinging
Top of the 7th over - 2 runs, 1 hit, 1 error, 0 left on base; Kane County 6 - West Virginia 1
BOTTOM OF THE 7TH
West Virginia Power batting - Pitching for Kane County Cougars : RHP Andy Jensen
Batting: RHB Ted Goldblatt 0-0: Ball
1-0: Called Strike
1-1: Ball
2-1: Ground out 5-3 (Groundball, 56S, EV 63.1 MPH)
Batting: RHB Pleun Smit 0-0: Called Strike
0-1: Ball
1-1: Foul Ball, location: 2F
1-2: Ball
2-2: Ball
3-2: Foul Ball, location: 2F
3-2: Foul Ball, location: 2F
3-2: Strikes out swinging
Batting: LHB Micah Boshnjaku 0-0: Ground out 4-3 (Groundball, 34, EV 83.8 MPH)
Bottom of the 7th over - 0 runs, 0 hits, 0 errors, 0 left on base; Kane County 6 - West Virginia 1
TOP OF THE 8TH
Kane County Cougars batting - Pitching for West Virginia Power : RHP Bobby Detmer
Batting: RHB John Pena 0-0: Ball
1-0: Ground out 4-3 (Groundball, 4, EV 88.1 MPH)
Batting: RHB Marlon Reda 0-0: Called Strike
0-1: Swinging Strike
0-2: Ball
1-2: Ball
2-2: Ball
3-2: Strikes out swinging
Batting: RHB Curt Barrett 0-0: Ball
1-0: Called Strike
1-1: Called Strike
1-2: Ball
2-2: Strikes out swinging
Top of the 8th over - 0 runs, 0 hits, 0 errors, 0 left on base; Kane County 6 - West Virginia 1
BOTTOM OF THE 8TH
West Virginia Power batting - Pitching for Kane County Cougars : RHP Andy Jensen
Batting: RHB Ron Corn 0-0: Ball
1-0: Ball
2-0: Called Strike
2-1: Called Strike
2-2: Ball
3-2: Foul Ball, location: 2F
3-2: Strikes out looking
Batting: SHB Francisco Gutierrez 0-0: Ball
1-0: Called Strike
1-1: Called Strike
1-2: Foul Ball, location: 2F
1-2: SINGLE (Flyball, 7S, EV 91.9 MPH)
Pitching: RHP Ming-feng Pi
Batting: RHB Tom Primmer 0-0: Ball
1-0: Foul Ball, location: 2F
1-1: DOUBLE (Groundball, 5L, EV 101.9 MPH)
Francisco Gutierrez to third
Runner from 3rd tries for Home, SAFE, throw by LF to home
Batting: RHB Jordan Robinson 0-0: Called Strike
0-1: SINGLE (Groundball, 56D, EV 103.1 MPH)
Tom Primmer to third
Runner from 3rd tries for Home, SAFE, throw by LF to home
Batting: SHB Brad Day 0-0: Fielders Choice at 2nd, 5-4 (Groundball, 5D, EV 106.9 MPH)
Batting: RHB Dennis Coppolino 0-0: Ball
1-0: SINGLE (Groundball, P, EV 79.4 MPH) (infield hit)
Brad Day to second
Batting: RHB Ted Goldblatt 0-0: Ground out 4-3 (Groundball, 4, EV 75.6 MPH)
Bottom of the 8th over - 2 runs, 4 hits, 0 errors, 2 left on base; Kane County 6 - West Virginia 3
TOP OF THE 9TH
Kane County Cougars batting - Pitching for West Virginia Power : RHP Bobby Detmer
Pitching: RHP Troy Conners
Batting: LHB T.J. Duvall 0-0: DOUBLE (Flyball, 8LXD, EV 103.8 MPH)
Batting: LHB Brian Nielsen 0-0: Ball
1-0: Ball
2-0: Swinging Strike
2-1: Swinging Strike
2-2: Strikes out swinging
Batting: LHB Willie Gutierrez 0-0: Intentional Walk
Batting: RHB Franklin Villanueva 0-0: Ball
1-0: Called Strike
1-1: Fly out, F3 (Popup, 34, EV 61.3 MPH)
Batting: RHB Dave Vargas 0-0: Ball
1-0: Ball
2-0: SINGLE (Line Drive, 89M, EV 92.5 MPH)
T.J. Duvall to third
Willie Gutierrez to second
Batting: RHB Matt Maxwell 0-0: Ball
1-0: Called Strike
1-1: Foul Ball, location: 2F
1-2: Foul Ball, location: 2F
1-2: Ball
2-2: Strikes out swinging
Top of the 9th over - 0 runs, 2 hits, 0 errors, 3 left on base; Kane County 6 - West Virginia 3
BOTTOM OF THE 9TH
West Virginia Power batting - Pitching for Kane County Cougars : RHP Ming-feng Pi
Pitching: RHP Jose Fernandez
Batting: RHB Pleun Smit 0-0: Ball
1-0: Foul Ball, location: 2F
1-1: Called Strike
1-2: Ball
2-2: Foul Ball, location: 2F
2-2: Foul Ball, location: 2F
2-2: Strikes out swinging
Batting: LHB Micah Boshnjaku 0-0: Called Strike
0-1: Ball
1-1: Fly out, F7 (Flyball, 7, EV 88.8 MPH)
Batting: RHB Ron Corn 0-0: Ball
1-0: Ball
2-0: SOLO HOME RUN (Flyball, 7D, EV 96.3 MPH), Distance : 382 ft
Batting: SHB Francisco Gutierrez 0-0: Called Strike
0-1: Ball
1-1: Foul Ball, location: 2F
1-2: Ball
2-2: Foul Ball, location: 2F
2-2: Strikes out looking
Bottom of the 9th over - 1 run, 1 hit, 0 errors, 0 left on base; Kane County 6 - West Virginia 4
Thursday, March 31st , 2022 - OOTP Baseball 22.12 Build 89